 Dungeon Crawl Stone Soup version 0.31-a0-161-gb58dd9be76 (webtiles) character file.

Game seed: 3125825582158258585

83 qw the Chopper (level 4, -3/28 HPs)
             Began as a Gargoyle Fighter on June 12, 2023.
             Killed by divine providence
             ... invoked by an orc priest
              (11 damage)
             ... on level 3 of the Dungeon.
             The game lasted 00:01:05 (2199 turns).

qw the Chopper (Gargoyle Fighter)                   Turns: 2199, Time: 00:01:05

Health: -3/28      AC: 11    Str: 21    XL:     4   Next: 44%
Magic:  4/4        EV:  9    Int:  9    God:
Gold:   50         SH:  4    Dex:  9    Spells: 3/3 levels left

rFire   . . .        Y - +0 war axe
rCold   . . .        c - +0 buckler
rNeg    + . .        b - +0 scale mail
rPois   inf          f - +0 helmet
rElec   +            (no cloak)
rCorr   .            (no gloves)
SInv    .            (no boots)
Will    .....        a - amulet of the acrobat Stlth
                     (no ring)
HPRegen 0.24/turn    (no ring)
MPRegen 0.09/turn

%: acrobat
@: no status effects
A: sickness immunity, AC +3, negative energy resistance 1, electricity
resistance, torment resistance 1, petrification resistance
a: no special abilities


You were on level 3 of the Dungeon.
You visited 1 branch of the dungeon, and saw 3 of its levels.

You collected 50 gold pieces.


Innate Abilities, Weirdness & Mutations

You are immune to sickness and miasma.
Your stone body is resilient. (AC +3)
You are immune to poison.
You resist negative energy. (rN+)
You are resistant to electric shocks. (rElec)
You are resistant to unholy torment.
You are immune to petrification.


   Skills:
 - Level 3.2 Fighting
 + Level 4.1 Axes
 - Level 3.2 Armour
 - Level 3.2 Shields


You had 3 spell levels left.
You didn't know any spells.
Your spell library was empty.

Inventory:

Hand Weapons
 j - a +0 whip
 Y - a +0 war axe (weapon)
Armour
 b - a +0 scale mail (worn)
 c - a +0 buckler (worn)
 f - a +0 helmet (worn)
Jewellery
 a - an amulet of the acrobat (around neck)
Scrolls
 i - 2 scrolls of identify
 m - 2 scrolls of amnesia {unknown}
Potions
 d - a potion of might
 e - a potion of haste {unknown}
 g - 4 potions of curing
 h - a potion of cancellation {unknown}
 k - a potion of resistance {unknown}
 l - a potion of invisibility {unknown}

Dungeon Overview and Level Annotations

Branches:
Dungeon (3/15)

Altars:


Message History

Enter note:
Enter note:
Enter note: The orc priest hits you but does no damage.
Enter note:
Enter note:
Enter note: You hit the orc priest but do no damage.
The orc priest hits you with a +0 hand axe.
You slash the orc priest!
The orc priest is heavily wounded.
The orc priest hits you with a +0 hand axe.
The orc priest hits you but does no damage.
You block the frilled lizard's attack.
You hit the orc priest.
The orc priest is heavily wounded.
You closely miss the frilled lizard. The frilled lizard barely misses you.
The orc priest hits you with a +0 hand axe.
You barely miss the orc priest.
The orc priest is heavily wounded.
You barely miss the frilled lizard.
The frilled lizard bites you but does no damage.
The orc priest misses you.
You hit the orc priest but do no damage.
The orc priest is heavily wounded.
You barely miss the frilled lizard.
The frilled lizard bites you but does no damage.
You block the orc priest's attack.
The orc priest mumbles some strange prayers to Beogh against you.
Beogh smites you!
Ouch! That really hurt!
The frilled lizard bites you but does no damage.
You hit the orc priest.
The orc priest is severely wounded.
You closely miss the frilled lizard. You block the frilled lizard's attack.
The orc priest calls down the wrath of Beogh upon you.
Beogh smites you!
You die...

.# .# .#### .#
..
.....####.####.)
..............
## #.#.........#
#.. #...o.......
..#..l@.......
#......#.#.#####
#...##.#...#
#........###
#######.## #.#
#.# #.# #.#


You could see an orc priest and a frilled lizard.

Vanquished Creatures
  2 adders (D:2)
  2 worms (D:2)
  7 ball pythons
  3 bats
  4 endoplasms
  3 giant cockroaches
  9 goblins
  4 hobgoblins
  4 jackals
  4 kobolds
  6 quokkas
  A frilled lizard (D:2)
  2 rats (D:1)
51 creatures vanquished.

Notes
Turn   | Place    | Note
-------+----------+-------------------------------------------
     0 | D:1      | qw the Gargoyle Fighter began the quest for the Orb.
     0 | D:1      | Reached XP level 1. HP: 14/14 MP: 1/1
     0 | D:1      | 0 ||| qw: Version: 0.2-a-29-gc1b59c4
     0 | D:1      | 0 ||| qw: Game counter: 4270
     0 | D:1      | 0 ||| qw: Always use a shield: true
     0 | D:1      | 0 ||| qw: God list: Okawaru
     0 | D:1      | 0 ||| qw: Allow faded altars: false
     0 | D:1      | 0 ||| qw: Do Orc after D:15 true
     0 | D:1      | 0 ||| qw: Do second Lair branch before Depths: true
     0 | D:1      | 0 ||| qw: Lair rune preference: random
     0 | D:1      | 0 ||| qw: Plans: Normal, Zot:1-4, Slime:5, God:TSO, Crypt,
                  | Tomb, Abyss, Pan, Hells, Win
     0 | D:1      | 0 ||| PLANNING D:1-11
    17 | D:1      | Reached skill level 2 in Axes
    65 | D:1      | 65 ||| Stepping ~*~*~tactically~*~*~ (stealth).
    92 | D:1      | Reached XP level 2. HP: 19/19 MP: 2/2
   211 | D:1      | 211 ||| Stepping ~*~*~tactically~*~*~ (stealth).
   403 | D:1      | Reached skill level 3 in Axes
   443 | D:1      | Reached XP level 3. HP: 23/23 MP: 3/3
   447 | D:1      | 447 ||| DROPPING +0 club.
   772 | D:1      | 772 ||| UPGRADING to +0 helmet.
   777 | D:1      | 777 ||| READING scroll labelled CAUCYG ZIZ.
   778 | D:1      | 778 ||| READING scroll labelled AHETIL XOUTIU.
   779 | D:1      | 779 ||| READING scroll labelled FIRROPP ROANIPS.
  1014 | D:2      | 1014 ||| Stepping ~*~*~tactically~*~*~ (stealth).
  1066 | D:2      | 1066 ||| Stepping ~*~*~tactically~*~*~ (stealth).
  1081 | D:2      | Reached XP level 4. HP: 28/28 MP: 4/4
  1388 | D:2      | 1388 ||| Stepping ~*~*~tactically~*~*~ (hiding).
  1398 | D:2      | Reached skill level 4 in Axes
  1604 | D:2      | 1604 ||| UPGRADING to amulet of the acrobat.
  1609 | D:2      | 1609 ||| READING scroll labelled JIKIOS BEHENKICW.
  1710 | D:2      | 1710 ||| DRINKING 4 brown potions.
  1762 | D:3      | 1762 ||| STAIRDANCE
  1795 | D:3      | 1795 ||| Stepping ~*~*~tactically~*~*~ (stealth).
  1796 | D:3      | 1796 ||| Stepping ~*~*~tactically~*~*~ (stealth).
  1797 | D:3      | 1797 ||| Stepping ~*~*~tactically~*~*~ (stealth).
  1799 | D:3      | 1799 ||| Stepping ~*~*~tactically~*~*~ (stealth).
  2191 | D:3      | 2191 ||| Stepping ~*~*~tactically~*~*~ (hiding).
  2199 | D:3      | Killed from afar by an orc priest

Levels and vault maps discovered:
D:1:      dpeg_arrival_pits, layout_basic
D:2:      layout_basic
D:3:      layout_basic

Skill      XL: |  1  2  3  4 |
---------------+-------------+-----
Axes           | 2 3 4 |  4.1
Fighting       | |  3.2
Armour         | |  3.2
Shields        | |  3.2

Action                     |  1- 3 |  4- 6 || total
---------------------------+-------+-------++-------
  Melee: War axe           |   104 |    46 ||   150
    Use: Scroll            |     3 |     1 ||     4
         Potion            |       |     1 ||     1
 Armour: Scale mail        |    45 |    36 ||    81
  Dodge: Dodged            |    39 |    34 ||    73
  Block: Buckler           |    17 |    15 ||    32

Table legend:
 A = Non-vault XP
 B = Vault XP
 C = Vault XP percentage of total XP
 D = Non-vault monster count
 E = Vault monster count
 F = Vault count percentage of total count
                 A         B        C        D         E       F
            +---------+---------+-------+---------+---------+-------
      Total |     119 |       0 |   0.0 |      51 |       0 |   0.0
            +---------+---------+-------+---------+---------+-------
        D:1 |      45 |       0 |   0.0 |      26 |       0 |   0.0
        D:2 |      63 |       0 |   0.0 |      19 |       0 |   0.0
        D:3 |      11 |       0 |   0.0 |       6 |       0 |   0.0
            +---------+---------+-------+---------+---------+-------
